 Dungeon Crawl Stone Soup version 0.21-a0-260-g9b2435e (webtiles) character file.

212 Blomdor the Chopper (level 5, 0/46 HPs)
             Began as a Barachi Wizard on Sept 7, 2017.
             Slain by a bullfrog (7 damage)
             ... on level 4 of the Dungeon.
             The game lasted 00:07:20 (3057 turns).

Blomdor the Chopper (Barachi Wizard)                Turns: 3057, Time: 00:07:20

Health: 0/46       AC:  4    Str:  7 (9)  XL:     5   Next: 89%
Magic:  9/9        EV: 12    Int: 16 (19) God:
Gold:   176        SH:  0    Dex:  7 (10) Spells: 3/10 levels left

rFire    . . .     SeeInvis +   g - -3 spear (curse)
rCold    . . .     Gourm    .   (no shield)
rNeg     + . .     Faith    .   a - +0 robe
rPois    .         Spirit   .   b - +0 hat
rElec    .         Reflect  .   (no cloak)
rCorr    .         Harm     .   j - +1 pair of gloves
MR       .....                  (no boots)
Stlth    +.........             (no amulet)
HPRegen  0.15/turn              t - ring of positive energy
MPRegen  0.11/turn              (no ring)

@: drained, slow
A: +LOS, swims, see invisible, robust 1, slowness 1, strong legs 1
a: Hop


You were on level 4 of the Dungeon.
You were near starving.

You visited 1 branch of the dungeon, and saw 4 of its levels.

You collected 176 gold pieces.

Inventory:

Hand Weapons
 g - a cursed -3 spear (weapon)
 o - a +0 hunting sling of flaming
 u - a +0 hand axe
 v - a +1 short sword of draining
Missiles
 n - 7 javelins (quivered)
 p - 155 stones
 q - 76 sling bullets
Armour
 a - a +0 robe (worn)
 b - a +0 hat (worn)
 j - a +1 pair of gloves (worn)
Jewellery
 r - an uncursed ring of ice
 t - a ring of positive energy (left hand)
Wands
 l - a wand of enslavement (0/24)
 m - a wand of confusion (33/48)
Scrolls
 i - a scroll of amnesia
Potions
 e - 2 potions of curing
 f - a potion of haste
 h - a potion of heal wounds
Books
 c - a book of Minor Magic

   Spells                             Type                      Level
   a - Magic Dart                     Conjuration                  1
   b - Blink                          Translocation                2
   c - Call Imp                       Summoning                    2
   d - Slow                           Hexes                        2
   e - Conjure Flame                  Conjuration/Fire             3
   f - Mephitic Cloud                 Conjuration/Poison/Air       3
Comestibles
 d - 5 bread rations
 s - a meat ration


   Skills:
 - Level 3.6 Fighting
 * Level 4.4(4.3) Axes
 - Level 1.0 Armour
 - Level 2.4(2.3) Dodging
 - Level 1.7 Stealth
 - Level 3.2 Spellcasting
 - Level 1.1(1.0) Conjurations
   Level 1.2(1.1) Summonings
   Level 1.1(1.0) Translocations


You had 3 spell levels left.
You knew the following spells:

 Your Spells              Type           Power        Failure   Level  Hunger
a - Magic Dart            Conj           #...         12%         1    None
b - Mephitic Cloud        Conj/Pois/Air  #.......     43%         3    ###....
c - Conjure Flame         Conj/Fire      #.......     41%         3    ###....


Dungeon Overview and Level Annotations

Branches:
Dungeon (4/15)
 Temple: D:4-7

Altars:
Elyvilon
Ru


Innate Abilities, Weirdness & Mutations

Shadows flee at your approach. (+LOS)
You can swim through water.
You cover ground slowly.
You can hop short distances.
You have supernaturally acute eyesight. (SInv)
You are robust. (+10% HP)


Message History

You miss the jackal. Your bullfrog misses the jackal.
The jackal bites you but does no damage.
Your bullfrog hits the jackal. You closely miss the jackal.
The jackal is almost dead.
The jackal bites you but does no damage.
Your bullfrog barely misses the jackal.
The jackal bites you.
* * * LOW HITPOINT WARNING * * *
You closely miss the jackal.
The jackal is almost dead.
Your bullfrog closely misses the jackal.
The jackal closely misses you.
Your bullfrog hits the jackal but does no damage.
You hit the jackal.
You kill the jackal!
No target in view!
You start resting.
The bullfrog is no longer charmed.
The bullfrog misses you. The bullfrog hits you!
You die...

#.........##
#..........# ####
##.........##### ..#
##......#.....## #.###
#######.....#..###...#
#.#######....._.......
#)...# #....###[####.#
#.##.###....###.####..
#...F@................
####<###.....####.####
#..##.....# #..
##.##.....# ####
#........# ###.##.#..#
..#....... ..h..###...
.#. ..


You could see a bullfrog.

Vanquished Creatures
  A scorpion (D:4)
  A hound (D:3)
  An orc priest (D:3)
  2 adders (D:3)
  An ooze (D:1)
  4 worms
  4 dart slugs
  4 leopard geckos
  2 orcs (D:3)
  3 giant cockroaches
  4 goblins
  6 hobgoblins
  5 jackals
  4 bats
  4 frilled lizards
  9 kobolds
  7 rats
62 creatures vanquished.

Notes
Turn   | Place    | Note
-------+----------+-------------------------------------------
     0 | D:1      | Blomdor the Barachi Wizard began the quest for the Orb.
     0 | D:1      | Reached XP level 1. HP: 13/13 MP: 4/4
    35 | D:1      | Reached skill level 1 in Fighting
   254 | D:1      | Reached XP level 2. HP: 15/22 MP: 4/6
   462 | D:1      | Gained mutation: You have supernaturally acute eyesight. (SInv) [potion of mutation]
   462 | D:1      | Gained mutation: You are robust. (+10% HP) [potion of mutation]
   488 | D:1      | Reached XP level 3. HP: 4/31 MP: 1/7
  1256 | D:1      | Found a white marble altar of Elyvilon.
  1493 | D:1      | Learned a level 3 spell: Mephitic Cloud
  1497 | D:1      | Learned a level 3 spell: Conjure Flame
  1827 | D:2      | Reached skill level 1 in Armour
  1877 | D:2      | Reached XP level 4. HP: 40/40 MP: 8/8
  2261 | D:3      | Reached skill level 1 in Axes
  2424 | D:3      | Reached skill level 2 in Axes
  2452 | D:3      | Reached XP level 5. HP: 46/46 MP: 9/9
  2463 | D:3      | Reached skill level 3 in Axes
  2719 | D:4      | Found a sacrificial altar of Ru.
  2810 | D:4      | Reached skill level 4 in Axes
  3022 | D:4      | HP: 2/46 [jackal (2)]
  3057 | D:4      | Slain by a bullfrog

Vault maps used:
D:1:      dpeg_arrival_lava_altar, serial_glass, glass_columns_a,
          glass_columns_a, minmay_misc_feat_roman, st_stairs_12
D:4:      overflow_temple_1_default, first_bread

Skill      XL: |  1  2  3  4  5 |
---------------+----------------+-----
Fighting       | 2 3 |  3.6
Armour         | 1 |  1.0
Axes           | 2 4 |  4.4
Dodging        | |  2.4
Stealth        | |  1.7
Spellcasting   | |  3.2
Conjurations   | |  1.1
Summonings     | |  1.2
Translocations | |  1.1

Action                   |  1- 3 |  4- 6 || total
-------------------------+-------+-------++-------
Melee: Short sword       |    81 |       ||    81
       Unarmed           |     3 |       ||     3
       Mace              |    16 |     6 ||    22
       Spear             |       |    63 ||    63
 Fire: Hunting sling     |    28 |    63 ||    91
 Cast: Magic Dart        |    25 |    15 ||    40
 Abil: Hop               |     1 |     1 ||     2
Evoke: Wand              |       |    11 ||    11
  Use: Scroll            |     2 |     8 ||    10
       Potion            |     1 |     2 ||     3
 Stab: Sleeping          |     2 |       ||     2
       Confused          |       |     3 ||     3
  Eat: Chunk             |     4 |     2 ||     6
Armor: Robe              |    35 |    27 ||    62
Dodge: Dodged            |    80 |    83 ||   163

Table legend:
 A = Spawn XP
 B = Non-spawn XP
 C = Spawn XP percentage of total XP
 D = Spawn monster count
 E = Non-spawn monster count
 F = Spawn count percentage of total count
 G = Total turns spent on level
                    A         B        C        D         E        F      G
               +---------+---------+-------+---------+---------+-------+---------
         Total |       0 |     303 |   0.0 |       0 |      62 |   0.0 |  3057
               +---------+---------+-------+---------+---------+-------+---------
           D:1 |       0 |      59 |   0.0 |       0 |      30 |   0.0 |  1702
           D:2 |       0 |      32 |   0.0 |       0 |      13 |   0.0 |   539
           D:3 |       0 |     142 |   0.0 |       0 |      16 |   0.0 |   646
           D:4 |       0 |      70 |   0.0 |       0 |       3 |   0.0 |   170
               +---------+---------+-------+---------+---------+-------+---------
